AoeStats
← TwiTch Control

Nomad

506219062Analyzed
4v4 RM · 20d ago on Sep 12, 2026· 91m 22s· 8 players
Game mode
Random Map
Map size
231×231
Population
200
Speed
Normal
Resources
Standard
Victory
Conquest
Starting age
Dark Age
Ending age
Imperial Age
RankedLock teamsTeams togetherTeam positionsShared explorationLock speedFull tech treeHidden civsTurbo modeCheats
Victory
Defeat
🇹🇷 Saracens · Türkiye
770
+14
🇦🇷 Koreans · Argentina
760
+14
🇮🇩 Spanish · Indonesia
731
+15
🇲🇽 Goths · Mexico
705
+17
🇬🇧 Goths · United Kingdom
757
-17
🇬🇧 Malians · United Kingdom
753
-16
🇺🇸 Byzantines · United States
688
-14
🇨🇭 Bohemians · Switzerland
682
-13
MetBlue
13:05 Loom
21:15 Feudal Age
21:59 Double-Bit Axe
23:01 Wheelbarrow
22:41 Fishing Lines
24:41 Horse Collar
26:58 Town Watch
33:43 Castle Age
32:50 Forging
32:42 Scale Mail Armor
32:49 Scale Barding Armor
32:36 Arson
34:52 Caravan
36:08 Iron Casting
35:40 Husbandry
37:09 Squires
36:30 Pikeman
37:34 Hand Cart
40:00 Gillnets
41:22 Town Patrol
41:42 Bow Saw
44:31 Chain Barding Armor
44:27 Chain Mail Armor
45:02 Medium Warships
49:20 Imperial Age
49:29 Cavalier
51:31 Blast Furnace
52:00 Chemistry
52:01 Conscription
55:36 Halberdier
56:50 Plate Mail Armor
58:33 Fortified Wall
58:19 Murder Holes
58:06 Treadmill Crane
59:48 Wagenburg Tactics
59:20 Elite Hussite Wagon
60:38 Heavy Plow
61:42 Two-Man Saw
63:33 Houfnice
72:28 Fletching
72:38 Padded Archer Armor
74:45 Bodkin Arrow
75:06 Leather Archer Armor
75:11 Crossbowman
79:40 Arbalester
89:46 Bracer
90:17 Ring Archer Armor
GEvans7
3:55 Loom
18:48 Feudal Age
21:12 Wheelbarrow
20:28 Double-Bit Axe
20:57 Man-at-Arms
21:56 Gold Mining
27:15 Castle Age
25:11 Stone Mining
26:30 Horse Collar
27:02 Scale Mail Armor
27:14 Forging
27:19 Long Swordsman
28:01 Squires
29:52 Iron Casting
31:28 Chain Mail Armor
34:01 Stone Shaft Mining
35:13 Hand Cart
35:12 Pikeman
36:22 Fletching
37:00 Bow Saw
37:59 Anarchy
38:14 Heavy Plow
39:24 Town Watch
40:59 Ballistics
40:36 Murder Holes
40:52 Masonry
46:03 Imperial Age
44:14 Town Patrol
46:04 Elite Huskarl
48:51 Blast Furnace
49:44 Caravan
50:02 Bodkin Arrow
50:48 Conscription
57:52 Bracer
57:53 Padded Archer Armor
59:32 Elite Skirmisher
60:33 Leather Archer Armor
79:41 Crop Rotation
81:55 Two-Man Saw
84:25 Perfusion
TwiTch Control
3:15 Loom
17:25 Feudal Age
18:33 Fishing Lines
18:59 Man-at-Arms
21:18 Gold Mining
22:10 Town Watch
25:34 Castle Age
23:46 Stone Mining
28:11 Gold Shaft Mining
27:50 Gillnets
27:56 Double-Bit Axe
28:59 Town Patrol
29:36 Wheelbarrow
29:22 Crossbowman
30:35 Horse Collar
31:20 Thumb Ring
33:30 Stone Shaft Mining
33:37 Hand Cart
38:07 Imperial Age
36:29 Scale Mail Armor
35:52 Pikeman
38:06 Bow Saw
39:55 Padded Archer Armor
41:50 Leather Archer Armor
41:26 Fletching
41:00 Arbalester
45:46 Ring Archer Armor
45:11 Bodkin Arrow
47:43 Conscription
48:05 Hoardings
46:51 Elite Gbeto
47:22 Treadmill Crane
47:33 Heated Shot
48:03 Ballistics
47:55 Fortified Wall
52:59 Elite Skirmisher
57:13 Caravan
58:50 Long Swordsman
60:59 Masonry
66:43 Chemistry
72:42 Architecture
75:37 Chain Mail Armor
77:43 Squires
EVOLUTIONS
7:40 Loom
15:50 Feudal Age
20:42 Fishing Lines
26:18 Castle Age
24:16 Double-Bit Axe
24:15 Horse Collar
25:28 Stone Mining
25:33 Gold Mining
30:02 Gillnets
30:56 Bow Saw
37:04 Imperial Age
38:12 Scale Barding Armor
39:38 Heavy Plow
40:17 Gold Shaft Mining
40:20 Stone Shaft Mining
40:07 Logistica
41:52 Conscription
42:36 Wheelbarrow
42:36 Chain Barding Armor
42:57 Caravan
42:50 Elite Cataphract
44:37 Plate Barding Armor
53:06 Two-Man Saw
54:21 Coinage
54:04 Guilds
55:08 Chemistry
63:44 Crop Rotation
63:41 Ballistics
66:34 Banking
66:02 Elite Skirmisher
71:00 Hand Cart
75:33 Fletching
alka-seltzer
17:26 Feudal Age
21:49 Castle Age
25:47 Double-Bit Axe
26:10 Husbandry
27:07 Bow Saw
27:37 Wheelbarrow
26:52 Loom
27:53 Fishing Lines
30:15 Bloodlines
30:52 Forging
33:44 Imperial Age
31:07 Horse Collar
32:21 Fortified Wall
33:55 Fortified Wall
34:42 Scale Barding Armor
35:46 Chemistry
34:54 Stone Mining
36:37 Gold Mining
39:20 Gold Shaft Mining
38:13 Heavy Camel Rider
39:39 Forging
39:53 Treadmill Crane
41:38 Chain Barding Armor
43:03 Elite Skirmisher
43:49 Thumb Ring
43:06 Crossbowman
45:05 Fletching
45:17 Padded Archer Armor
45:10 Arrowslits
45:15 Arbalester
49:40 Bodkin Arrow
52:52 Counterweights
53:20 Conscription
54:55 Hoardings
56:05 Leather Archer Armor
55:53 Bracer
70:23 Light Cavalry
78:49 Town Watch
79:10 Caravan
82:06 Hussar
87:54 Iron Casting
87:56 Plate Barding Armor
88:07 Bimaristan
adrian
3:03 Loom
17:28 Feudal Age
19:17 Double-Bit Axe
19:24 Gold Mining
19:33 Stone Mining
19:25 Horse Collar
30:43 Castle Age
29:07 Fletching
29:18 Scale Mail Armor
29:29 Forging
30:58 Wheelbarrow
30:07 Man-at-Arms
32:21 Stone Shaft Mining
31:47 Heavy Plow
32:00 Bow Saw
31:54 Squires
31:55 Long Swordsman
34:17 Chain Mail Armor
34:47 Pikeman
36:05 Iron Casting
40:31 Imperial Age
38:46 Fervor
39:35 Hand Cart
39:20 Bodkin Arrow
41:17 Town Watch
41:00 Halberdier
43:48 Conscription
45:45 Two-Man Saw
45:29 Perfusion
46:38 Blast Furnace
45:40 Bracer
46:21 Anarchy
46:35 Masonry
52:45 Crop Rotation
55:57 Chemistry
55:20 Ballistics
61:17 Elite Huskarl
78:26 Caravan
g1psy
5:03 Loom
16:18 Feudal Age
16:47 Fishing Lines
26:29 Castle Age
28:58 Gillnets
29:01 Double-Bit Axe
29:22 Gold Mining
29:26 Stone Mining
39:00 Imperial Age
37:40 Wheelbarrow
36:50 Town Watch
38:41 Hand Cart
39:38 Bow Saw
40:10 Stone Shaft Mining
40:02 Town Patrol
41:09 Fortified Wall
41:20 Ballistics
42:29 Elite Conquistador
44:45 Bloodlines
44:37 Husbandry
44:49 Scale Barding Armor
48:20 Pikeman
49:54 Halberdier
58:59 Forging
58:49 Scale Mail Armor
59:10 Chain Barding Armor
59:01 Herbal Medicine
63:21 Chain Barding Armor
63:49 Elite Skirmisher
64:37 Thumb Ring
65:00 Horse Collar
66:34 Fletching
66:45 Padded Archer Armor
67:51 Chemistry
68:24 Cavalier
69:01 Bodkin Arrow
69:22 Leather Archer Armor
73:19 Bracer
73:51 Ring Archer Armor
73:57 Iron Casting
73:37 Chain Mail Armor
73:58 Plate Barding Armor
ChinoCorso
17:32 Feudal Age
18:11 Arson
18:50 Fishing Lines
19:31 Double-Bit Axe
20:40 Wheelbarrow
23:21 Gold Mining
23:31 Horse Collar
23:57 Loom
25:03 Town Watch
27:20 Castle Age
25:18 Man-at-Arms
26:40 Stone Mining
28:25 Scale Mail Armor
28:36 Forging
29:33 Squires
29:20 Gambesons
29:43 Fletching
30:09 Chain Mail Armor
30:09 Gillnets
30:41 Bow Saw
33:36 Hand Cart
33:33 Eupseong
35:26 Thumb Ring
36:54 Gold Shaft Mining
36:57 Stone Shaft Mining
36:27 Heavy Plow
38:04 Bodkin Arrow
38:51 Iron Casting
41:51 Imperial Age
40:16 Town Patrol
41:55 Scale Barding Armor
43:16 Shinkichon
44:00 Chemistry
43:21 Ballistics
42:59 Murder Holes
42:45 Treadmill Crane
43:55 Conscription
44:25 Plate Mail Armor
43:57 Bracer
45:05 Two-Man Saw
46:57 Pikeman
50:05 Elite Skirmisher
50:07 Crossbowman
51:27 Arbalester
55:43 Caravan
56:14 Coinage
55:55 Guilds
88:47 Banking
Connection lost

Rejoining the realm…

Still unreachable

The connection could not be restored.

Session expired

The server has moved on; the page needs a fresh start.